 Dungeon Crawl Stone Soup version 0.32-a0-520-g344ed53f66 (webtiles) character file.

Game seed: 12435432397274593609

119 lunkers the Digger (level 4, -10/33 HPs)
             Began as a Mountain Dwarf Earth Elementalist on Feb 27, 2024.
             Mangled by Crazy Yiuf
             ... wielding a +2 quarterstaff of chaos
              (12 damage)
             ... on level 3 of the Dungeon.
             The game lasted 00:02:44 (2630 turns).

lunkers the Digger (MDEE)                           Turns: 2630, Time: 00:02:45

Health: -10/33     AC:  3    Str: 11    XL:     4   Next: 74%
Magic:  1/6        EV: 11    Int: 17    God:
Gold:   138        SH:  0    Dex: 10    Spells: 5/6 levels left

rFire   . . .        p - +0 quarterstaff
rCold   . . .        (shield currently unavailable)
rNeg    . . .        a - +0 robe
rPois   .            (no helmet)
rElec   .            k - +0 cloak
rCorr   .            (no gloves)
SInv    .            (no boots)
Will    .....        (no amulet)
Stlth   ++           b - ring of flight
HPRegen 0.25/turn    (no ring)
MPRegen 0.10/turn

%: no passive effects
@: flying
A: runic magic, artefact enchanting
a: no special abilities


You were on level 3 of the Dungeon.
You visited 1 branch of the dungeon, and saw 3 of its levels.

You collected 138 gold pieces.

Inventory:

Hand Weapons
 e - a +0 dagger of protection
 p - a +0 quarterstaff (weapon)
Armour
 a - a +0 robe (worn)
 k - a +0 cloak (worn)
Jewellery
 b - a ring of flight (left hand)
Scrolls
 f - a scroll of vulnerability {unknown}
 j - a scroll of immolation {unknown}
 n - a scroll of fear {unknown}
 q - a scroll of acquirement {unknown}
 r - a scroll of teleportation
 s - a scroll of poison {unknown}
Potions
 c - 3 potions of might {unknown}
 d - a potion of lignification {unknown}
 g - a potion of degeneration {unknown}
 h - a potion of attraction {unknown}
 i - a potion of ambrosia {unknown}
 l - 2 potions of resistance {unknown}
 m - a potion of cancellation {unknown}
 o - a potion of magic


   Skills:
 - Level 1.3 Dodging
 - Level 1.4 Stealth
 - Level 1.7 Spellcasting
 - Level 0.8 Conjurations
 * Level 6.1 Earth Magic


You had 5 spell levels left.
You knew the following spells:

 Your Spells              Type           Power      Damage    Failure   Level
a - Sandblast             Erth           44%        2d11      1%          1

Your spell library contained the following spells:

 Spells                   Type           Power      Damage    Failure   Level
 Passwall                 Erth           22%        N/A       4%          3
 Stone Arrow              Conj/Erth      26%        3d8       14%         3
 Brom's Barrelling Bould  Conj/Erth      13%        2d4       43%         4
 Hailstorm                Conj/Ice       2%         3d5       45%         3
 Petrify                  Alch/Erth      11%        N/A       50%         4
 Inner Flame              Hex/Fire       1%         N/A       52%         3
 Summon Ice Beast         Ice/Summ       1%         N/A       52%         3
 Flame Wave               Conj/Fire      2%         2d4       86%         4
 Sticky Flame             Fire/Alch      1%         2d4       89%         4
 Sculpt Simulacrum        Ice/Alch       0%         N/A       100%        6


Dungeon Overview and Level Annotations

Branches:
Dungeon (3/15)

Altars:
Dithmenos
Kikubaaqudgha

Annotations:
D:3 Crazy Yiuf


Innate Abilities, Weirdness & Mutations

Your spellcasting is much less encumbered by armour.
You can use scrolls of enchantment on lesser artefacts.


Message History

Press: ? - help, Q - select action Shift-Dir - straight line, f - Crazy Yiuf
Aim: Crazy Yiuf, wielding a +2 quarterstaff of chaos and wearing a +2 cloak (85% to hit)
The blast of sand misses Crazy Yiuf.
Crazy Yiuf hits you with a +2 quarterstaff of chaos.
Crazy Yiuf burns you.
Aiming: Sandblast (safe; 1% risk of failure)
Press: ? - help, Q - select action Shift-Dir - straight line, f/p - Crazy Yiuf
Aim: Crazy Yiuf, wielding a +2 quarterstaff of chaos and wearing a +2 cloak (85% to hit)
The blast of sand hits Crazy Yiuf but does no damage.
Crazy Yiuf hits you with a +2 quarterstaff of chaos!
* * * LOW HITPOINT WARNING * * *
Crazy Yiuf freezes you!
* * * LOW HITPOINT WARNING * * *
Aiming: Sandblast (safe; 1% risk of failure)
Press: ? - help, Q - select action Shift-Dir - straight line, f/p - Crazy Yiuf
Aim: Crazy Yiuf, wielding a +2 quarterstaff of chaos and wearing a +2 cloak (85% to hit)
The blast of sand hits Crazy Yiuf.
Crazy Yiuf is lightly wounded.
Crazy Yiuf misses you. Crazy Yiuf closely misses you.
Unknown command.
Unknown command.
Unknown command.
Aiming: Sandblast (safe; 1% risk of failure)
Press: ? - help, Q - select action Shift-Dir - straight line, f/p - Crazy Yiuf
Aim: Crazy Yiuf, wielding a +2 quarterstaff of chaos and wearing a +2 cloak (lightly wounded, 85% to hit)
The blast of sand hits Crazy Yiuf.
Crazy Yiuf is heavily wounded.
Crazy Yiuf hits you with a +2 quarterstaff of chaos.
* * * LOW HITPOINT WARNING * * *
You convulse.
* * * LOW HITPOINT WARNING * * *
Aiming: Sandblast (safe; 1% risk of failure)
Press: ? - help, Q - select action Shift-Dir - straight line, f/p - Crazy Yiuf
Aim: Crazy Yiuf, wielding a +2 quarterstaff of chaos and wearing a +2 cloak (heavily wounded, 85% to hit)
The blast of sand hits Crazy Yiuf but does no damage.
Crazy Yiuf is heavily wounded.
Crazy Yiuf closely misses you.
Crazy Yiuf cries, "Blight!
Hack horse head."
Crazy Yiuf hits you with a +2 quarterstaff of chaos!
You die...

#.# #.# ###..#
#.# #####.#
#....### #.#
#.....# #.#.....
#.# #######
#...#### ##.#
##.## #..# #.#
#.##### ### #.#
#.)...## ###..)#
#.#
#..)...####@g...#
#.#
##....).#..##..*#
#.# ##....#.###
### #.# ########
#.##### #.....#
#############.#.
#....†...###.###
########.#..## #
#.#.#.###


You could see a boulder and Crazy Yiuf.

Vanquished Creatures
  A bombardier beetle (D:3)
  An orc priest (D:2)
  A ribbon worm (D:2)
  A dart slug (D:2)
  2 orcs (D:3)
  4 ball pythons
  3 endoplasms
  A giant cockroach (D:3)
  5 goblins
  7 hobgoblins
  7 jackals (D:1)
  A quokka (D:3)
  5 bats
  4 frilled lizards
  4 kobolds
  3 rats
50 creatures vanquished.

Notes
Turn   | Place    | Note
-------+----------+-------------------------------------------
     0 | D:1      | lunkers the Mountain Dwarf Earth Elementalist began the
                  | quest for the Orb.
     0 | D:1      | Reached XP level 1. HP: 14/14 MP: 3/3
   188 | D:1      | Reached XP level 2. HP: 20/20 MP: 2/4
   351 | D:1      | Reached skill level 4 in Earth Magic
  1072 | D:2      | Reached XP level 3. HP: 19/26 MP: 0/5
  1681 | D:3      | Reached skill level 5 in Earth Magic
  1689 | D:2      | Reached XP level 4. HP: 17/33 MP: 6/6
  1771 | D:3      | Found an ancient bone altar of Kikubaaqudgha.
  2028 | D:3      | Found a shadowy altar of Dithmenos.
  2151 | D:3      | Reached skill level 6 in Earth Magic
  2467 | D:3      | Found a runed translucent door.
  2468 | D:3      | Noticed Crazy Yiuf
  2630 | D:3      | Mangled by Crazy Yiuf

Illustrated notes

Levels and vault maps discovered:
D:1:      dpeg_arrival_solitude, layout_basic,
          amcnicky_mini_rare_corridor_liquid, hangedman_decor_riveting,
          serial_park_tiny_pond, dreamdust_mushroom_princess,
          minmay_misc_feat_diagonals, chequers_decorated_corner,
          corexii_hall_statues_deadend
D:2:      layout_rooms
D:3:      layout_loops_ring, mainiacjoe_overflow_catwalk,
          mainiacjoe_overflow_alcove_4, uniq_crazy_yiuf_cottage

Skill      XL: |  1  2  3  4 |
---------------+-------------+-----
Earth Magic    | 4 5 6 |  6.1
Dodging        | |  1.3
Stealth        | |  1.4
Spellcasting   | |  1.7
Conjurations   | |  0.8

Action                     |  1- 3 |  4- 6 || total
---------------------------+-------+-------++-------
  Melee: Unarmed           |     9 |       ||     9
         Dagger            |     3 |       ||     3
   Cast: Sandblast         |    46 |    23 ||    69
    Use: Scroll            |     2 |       ||     2
         Potion            |     1 |       ||     1
 Armour: Robe              |    38 |     6 ||    44
  Dodge: Dodged            |    36 |     7 ||    43

Table legend: (Time is in decaauts)
 A = Elapsed time spent in this place.
 B = Non-inter-level travel time spent in this place.
 C = Inter-level travel time spent in this place.
 D = Time resting spent in this place.
 E = Time spent auto-exploring this place.
 F = Levels seen in this place.
 G = Mean time per level.
                   A        B        C        D        E       F      G
               +--------+--------+--------+--------+--------+-----+--------+
         Total |   2663 |   2610 |     53 |      0 |   2280 |   3 |  887.7 |
       Dungeon |   2663 |   2610 |     53 |      0 |   2280 |   3 |  887.7 |
               +--------+--------+--------+--------+--------+-----+--------+

Top non-repeatable levels by time:
     D:1: 1070 daAuts
     D:3: 955 daAuts
     D:2: 637 daAuts
